 Dungeon Crawl Stone Soup version 0.31-a0-152-g6aa68a64a1 (webtiles) character file.

Game seed: 5946444350944739307

1 comborobin the Sneak (level 1, -3/13 HPs)
             Began as a Deep Elf Delver on June 10, 2023.
             Slain by a hound (5 damage)
             ... on level 4 of the Dungeon.
             The game lasted 00:00:56 (139 turns).

comborobin the Sneak (Deep Elf Delver)               Turns: 139, Time: 00:00:56

Health: -3/13      AC:  5    Str: 11    XL:     1   Next: 16%
Magic:  3/3        EV: 11    Int: 14    God:
Gold:   0          SH:  6    Dex: 16    Spells: 0/0 levels left

rFire   + . .        a - +0 short sword
rCold   . . .        h - +2 buckler of Becephisku {rF+ Will+ Str+2}
rNeg    . . .        b - +0 leather armour
rPois   .            (no helmet)
rElec   .            (no cloak)
rCorr   .            (no gloves)
SInv    .            f - +1 pair of boots
Will    +....        (no amulet)
Stlth   +++          (no ring)
HPRegen 0.22/turn    (no ring)
MPRegen 0.08/turn

%: no passive effects
@: no status effects
A: no striking features
a: no special abilities


You were on level 4 of the Dungeon.
You visited 1 branch of the dungeon, and saw 3 of its levels.

Inventory:

Hand Weapons
 a - a +0 short sword (weapon)
Armour
 b - a +0 leather armour (worn)
 f - a +1 pair of boots (worn)
 h - the +2 buckler of Becephisku (worn) {rF+ Will+ Str+2}
   (You found it on level 5 of the Dungeon)

   Str:       It affects your strength (+2).
   rF:        It protects you from fire.
   Will:      It increases your willpower.
Scrolls
 c - a scroll of fog


   Skills:
 - Level 2.4 Fighting
 - Level 2.0 Short Blades
 - Level 2.4 Dodging
 - Level 6.0 Stealth
 + Level 0.2 Shields


You couldn't memorise any spells.
You didn't know any spells.
Your spell library was empty.

Dungeon Overview and Level Annotations

Branches:
Dungeon (6/15)
 Temple: D:4-7

Altars:


Message History

You hit the hound.
The hound is severely wounded.
The hound bites you. The hound barely misses you.
You hit the hound.
The hound is almost dead.
The hound bites you.
* * * LOW HITPOINT WARNING * * *
You hit the hound but do no damage.
The hound is almost dead.
The hound closely misses you.
You hit the hound.
The hound is almost dead.
The hound bites you but does no damage. x2
You hit the hound but do no damage.
The hound is almost dead.
The hound closely misses you.
You closely miss the hound.
The hound is almost dead.
The hound barely misses you. The hound bites you.
* * * LOW HITPOINT WARNING * * *
You barely miss the hound.
The hound is almost dead.
The hound stops to sniff the ground.
The hound bites you but does no damage.
You hit the hound but do no damage.
The hound is almost dead.
The hound barely misses you. x2
You closely miss the hound.
The hound is almost dead.
The hound bites you but does no damage.
You hit the hound but do no damage.
The hound is almost dead.
The hound barely misses you. x2
You miss the hound.
The hound is almost dead.
The hound barely misses you.
You closely miss the hound.
The hound is almost dead.
The hound bites you.
You die...

###.#.#,, #...#.###
#.#..hJ.# #h#.#.#.#
#.#.#.#.#
##############.#.#.#h.
#...g..........#...#.#
##.#################.#
#.##@....#,,,,,,,,..#
#.gh.###.#,******####
###### *,*,******
*****,*,,,,,,*
*,,,,,******,* *,*****
*,* *,* *,* *,* *,*
*,* *,*


You could see a hound and a hobgoblin.

Vanquished Creatures
  A goblin (D:4)
1 creature vanquished.

Notes
Turn   | Place    | Note
-------+----------+-------------------------------------------
     0 | D:5      | comborobin the Deep Elf Delver began the quest for the Orb.
     0 | D:5      | Reached XP level 1. HP: 13/13 MP: 3/3
     1 | D:5      | Identified the +2 buckler of Becephisku {rF+ Will+ Str+2}
    11 | D:6      | Noticed a bullfrog
    11 | D:6      | Noticed a centaur
    49 | D:4      | Noticed a jelly
    80 | D:4      | Noticed a hound
   139 | D:4      | Slain by a hound

Illustrated notes

Levels and vault maps discovered:
D:4:      layout_basic, uniq_natasha, uniq_eustachio, uniq_pargi,
          uniq_blork_the_orc
D:5:      layout_cave_pools, nicolae_sextant, uniq_ijyb, uniq_duvessa
D:6:      due_chaos_kobolds, layout_basic, trog_hazing_becter

Action                     || total
---------------------------++-------
  Melee: Short sword       ||    24
  Evoke: Wand              ||     3
    Use: Scroll            ||     2
         Potion            ||     1
 Armour: Leather armour    ||    10
  Dodge: Dodged            ||    24
  Block: Buckler           ||     8

Table legend: (Time is in decaauts)
 A = Elapsed time spent in this place.
 B = Non-inter-level travel time spent in this place.
 C = Inter-level travel time spent in this place.
 D = Time resting spent in this place.
 E = Time spent auto-exploring this place.
 F = Levels seen in this place.
 G = Mean time per level.
                   A        B        C        D        E       F      G
               +--------+--------+--------+--------+--------+-----+--------+
         Total |    125 |    125 |      0 |      2 |      0 |   3 |   41.7 |
       Dungeon |    125 |    125 |      0 |      2 |      0 |   3 |   41.7 |
               +--------+--------+--------+--------+--------+-----+--------+

Top non-repeatable levels by time:
     D:4: 95 daAuts
     D:5: 22 daAuts
     D:6: 7 daAuts
